 Dungeon Crawl Stone Soup version 0.28.0-45-g0d030f2227 (webtiles) character file.

Game seed: 12268085154847085615

461 101zpm the Magician (level 7, -10/45 HPs)
             Began as a Djinni Ice Elementalist on Apr 13, 2022.
             Mangled by a two-headed ogre
             ... wielding a +0 giant club
              (26 damage)
             ... on level 5 of the Dungeon.
             The game lasted 00:17:29 (6221 turns).

101zpm the Magician (Djinni Ice Elementalist)       Turns: 6221, Time: 00:17:31

Health: -10/45     AC: 11    Str:  7    XL:     7   Next: 28%
Gold:   275        EV: 12    Int: 25    God:
                   SH:  0    Dex: 13

rFire   + + .      SeeInvis .   (no weapon)
rCold   x . .      Faith    .   (no shield)
rNeg    . . .      Spirit   .   e - +0 leather armour
rPois   ∞          Reflect  .   f - +1 helmet
rElec   .          Harm     .   (no cloak)
rCorr   .          Rampage  .   (no gloves)
Will    .....                   (boots unavailable)
Stlth   ++........              (no amulet)
HPRegen 0.15/turn               s - +6 ring of intelligence
MPRegen 0.00/turn               (no ring)

@: ice-armoured, freezing walls, flying
A: sickness immunity, fire resistance 2, cold vulnerability 1, float, innate
caster, HP casting, extra vitality 1
a: no special abilities


You were on level 5 of the Dungeon.
You visited 1 branch of the dungeon, and saw 5 of its levels.

You collected 275 gold pieces.

Inventory:

Missiles
 b - 120 stones
 o - 64 arrows
 p - 91 sling bullets
 u - 15 poisoned darts
Armour
 a - a +0 robe
 e - a +0 leather armour (worn)
 f - a +1 helmet (worn)
Jewellery
 s - a +6 ring of intelligence (left hand)
Scrolls
 c - a scroll of amnesia {unknown}
 d - 4 scrolls of identify
 h - a scroll of magic mapping {unknown}
 m - a scroll of enchant weapon {unknown}
 n - a scroll of blinking {unknown}
 v - a scroll of fog {unknown}
Potions
 g - a potion of brilliance {unknown}
 i - a potion of lignification {unknown}
 j - 2 potions of curing
 k - 2 potions of degeneration
 l - a potion of heal wounds {unknown}
 q - 3 potions of flight
 r - a potion of attraction {unknown}
 t - a potion of haste {unknown}
 w - 2 potions of cancellation {unknown}


   Skills:
 + Level 0.2 Fighting
 + Level 2.2 Armour
 + Level 2.7 Dodging
 + Level 2.3 Stealth
 + Level 5.7 Spellcasting


You couldn't memorise any spells.
You knew the following spells:

 Your Spells              Type           Power      Damage    Failure   Level
a - Freeze                Ice            100%       1d11      1%          1
b - Frozen Ramparts       Ice            70%        1d9       3%          3
c - Ozocubu's Armour      Ice            35%        N/A       3%          3
d - Hailstorm             Conj/Ice       35%        3d9       11%         4
e - Shock                 Conj/Air       100%       1d9       1%          1
f - Blink                 Tloc           70%        N/A       1%          2
g - Conjure Flame         Conj/Fire      35%        6-21      3%          3
Your spell library was empty.

Dungeon Overview and Level Annotations

Branches:
Dungeon (5/15)
 Temple: D:4-7

Altars:
Elyvilon
Fedhas
Qazlal
Vehumet

Shops:
D:2 !   D:3 !


Innate Abilities, Weirdness & Mutations

You are immune to sickness and miasma.
You are immune to poison.
Your flesh is very heat resistant. (rF++)
You are vulnerable to cold. (rC-)
You float through the air rather than walking.
You learn spells naturally, not from books.
Your magical power is your life essence.
You have superior vitality. (+4 MHP)


Message History

A cannonade of hail descends around you!
The hail pelts the two-headed ogre!
The two-headed ogre is moderately wounded.
The wall freezes the two-headed ogre.
Casting: Hailstorm (quite dangerous; 11% risk of failure)
Confirm with . or Enter, or press ? or * to list all spells.
Aiming: Shock (safe; 1% risk of failure)
Press: ? - help, Shift-Dir - straight line, f - two-headed ogre
Aim: a two-headed ogre, wielding two +0 giant clubs (heavily wounded, 88% to hit)
The zap hits the two-headed ogre.
The two-headed ogre is heavily wounded.
The wall freezes the two-headed ogre.
Casting: Shock (safe; 1% risk of failure)
Confirm with . or Enter, or press ? or * to list all spells.
Aiming: Shock (safe; 1% risk of failure)
Press: ? - help, Shift-Dir - straight line, f/p - two-headed ogre
Aim: a two-headed ogre, wielding two +0 giant clubs (severely wounded, 88% to hit)
The zap hits the two-headed ogre.
The two-headed ogre is severely wounded.
The zap hits the water moccasin skeleton!
The water moccasin skeleton is moderately damaged.
The wall freezes the two-headed ogre.
The two-headed ogre hits you with a +0 giant club!
The two-headed ogre misses you.
The water moccasin skeleton resists.
The wall freezes the water moccasin skeleton.
Casting: Shock (safe; 1% risk of failure)
Confirm with . or Enter, or press ? or * to list all spells.
Aiming: Shock (safe; 1% risk of failure)
Press: ? - help, Shift-Dir - straight line, f/p - two-headed ogre
Aim: a two-headed ogre, wielding two +0 giant clubs (severely wounded, 88% to hit)
The zap hits the two-headed ogre.
The two-headed ogre is severely wounded.
The zap hits the water moccasin skeleton.
The water moccasin skeleton is severely damaged.
The water moccasin skeleton completely resists.
The wall freezes the water moccasin skeleton but does no damage.
The wall freezes the two-headed ogre.
The two-headed ogre hits you with a +0 giant club!!
Ouch! That really hurt!
You die...

.. .# .. ##. #.
#.. #. #Z# . #.
#O# #. ##.##
#@# #.##...###
#.# #.......###
#.#
##........###.#
##..<........#
#......#.##..#
#.##..#.#.##..#
#. #......##..#
#.##.####..#


You could see a two-headed ogre and a water moccasin skeleton.

Vanquished Creatures
  An ogre (D:4)
  A phantom (D:4)
  A scorpion (D:4)
  A jelly (D:4)
  A hound (D:4)
  An orc wizard (D:4)
  4 adders
  3 gnolls (D:4)
  An ufetubus (D:4)
  3 worms
  14 orcs
  A giant cockroach (D:1)
  8 goblins
  6 hobgoblins
  2 quokkas (D:2)
  6 ball pythons
  7 bats
  4 frilled lizards
  5 kobolds
  6 rats
76 creatures vanquished.

Vanquished Creatures (others)
  5 toadstools (D:3)
5 creatures vanquished.

Grand Total: 81 creatures vanquished

Notes
Turn   | Place    | Note
-------+----------+-------------------------------------------
     0 | D:1      | 101zpm the Djinni Ice Elementalist began the quest for the
                  | Orb.
     0 | D:1      | Reached XP level 1. HP: 15/15 MP: 0/0
   119 | D:1      | Found a faded altar of an unknown god.
   310 | D:1      | Reached XP level 2. HP: 17/21 MP: 0/0
  1099 | D:1      | You are sucked into a shaft and drop 1 floor!
  1108 | D:3      | Found Yfohief's Distillery.
  1514 | D:2      | Reached XP level 3. HP: 14/25 MP: 0/0
  1514 | D:2      | Learned a level 1 spell: Shock
  1517 | D:2      | Reached skill level 4 in Spellcasting
  1798 | D:2      | Found Kuloy's Distillery.
  1969 | D:2      | Reached XP level 4. HP: 29/31 MP: 0/0
  2043 | D:2      | Found a blossoming altar of Fedhas.
  2434 | D:4      | Noticed a scorpion
  2442 | D:4      | Killed a scorpion
  2443 | D:4      | Reached skill level 1 in Armour
  2443 | D:4      | Reached XP level 5. HP: 12/35 MP: 0/0
  2443 | D:4      | Learned a level 2 spell: Blink
  2777 | D:4      | Reached XP level 6. HP: 32/40 MP: 0/0
  2992 | D:4      | Noticed an ogre
  2997 | D:4      | Killed an ogre
  2998 | D:4      | Reached skill level 5 in Spellcasting
  3840 | D:4      | Identified the +6 plate armour of Elyvilon's Grace {-Cast
                  | rF- rC+ Dex+6}
  3947 | D:4      | Reached XP level 7. HP: 23/45 MP: 0/0
  3947 | D:4      | Learned a level 3 spell: Conjure Flame
  5697 | D:3      | Found a white marble altar of Elyvilon.
  5723 | D:3      | Found a stormy altar of Qazlal.
  6191 | D:5      | Entered Level 5 of the Dungeon
  6213 | D:5      | Noticed a two-headed ogre
  6221 | D:5      | Mangled by a two-headed ogre

Illustrated notes

Levels and vault maps discovered:
D:1:      saegor_arrival_simple_e, layout_loops_ring,
          shapermc_ecumenical_altar_ellora, amethyst_killhole
D:2:      layout_rooms, basic_altar, serial_shops, nicolae_shop_statue_plus,
          ebering_dispersal_statue_hall, small_statue_intersection,
          minmay_pentomino_w2
D:3:      layout_loops_ring, mainiacjoe_overflow_large_starburst, serial_shops,
          nicolae_shop_stone, minmay_misc_feat_ornament,
          minmay_gold_behind_fungi, guppyfry_early_orc_mine
D:4:      layout_loops_ring, mainiacjoe_overflow_24_doors,
          kennysheep_generic_room_6
D:5:      layout_loops_ring, mainiacjoe_overflow_chevrons,
          minmay_strange_pillars, amcnicky_mini_rare_corridor_liquid,
          grunt_decor_mini_mirrors, minmay_circle_x, uniq_prince_ribbit1

Skill      XL: |  1  2  3  4  5  6 |
---------------+-------------------+-----
Spellcasting   | 4 5 |  5.7
Armour         | 1 2 |  2.2
Stealth        | 2 |  2.3
Fighting       | |  0.2
Dodging        | |  2.7

Action                   |  1- 3 |  4- 6 |  7- 9 || total
-------------------------+-------+-------+-------++-------
Melee: Unarmed           |     1 |       |       ||     1
 Cast: Freeze            |    33 |       |     1 ||    34
       Shock             |    15 |    86 |    37 ||   138
       Frozen Ramparts   |     1 |     6 |     3 ||    10
       Ozocubu's Armour  |       |     2 |     1 ||     3
       Conjure Flame     |       |       |    13 ||    13
       Blink             |       |       |     2 ||     2
       Hailstorm         |       |       |     1 ||     1
  Use: Scroll            |       |     3 |       ||     3
Armor: Leather armour    |     6 |     3 |       ||     9
Dodge: Dodged            |    19 |     8 |     7 ||    34
